 Dungeon Crawl Stone Soup version 0.28.0-43-g3370ac3207 (webtiles) character file.

Game seed: 10788328559597589595

3157 Kaptain the Digger (level 9, -4/82 HPs)
             Began as a Gargoyle Earth Elementalist on Mar 15, 2022.
             Slain by a wyvern (6 damage)
             ... on level 7 of the Dungeon.
             The game lasted 00:20:53 (7781 turns).

Kaptain the Digger (Gargoyle Earth Elementalist)    Turns: 7781, Time: 00:20:53

Health: -4/82      AC: 24    Str: 13    XL:     9   Next: 94%
Magic:  1/17       EV:  2    Int: 19    God:
Gold:   221        SH:  0    Dex: 10    Spells: 15/19 levels left

rFire   . . .      SeeInvis .   z - +3 short sword
rCold   . . .      Faith    .   (no shield)
rNeg    + . .      Spirit   .   (armour currently unavailable)
rPois   ∞          Reflect  .   (helmet currently unavailable)
rElec   .          Harm     .   (cloak currently unavailable)
rCorr   .          Rampage  .   (gloves currently unavailable)
Will    .....      NoTele   +   (boots currently unavailable)
Stlth   +++.......              (no amulet)
HPRegen 0.23/turn               (no ring)
MPRegen 0.15/turn               (no ring)

@: tree-form
A: stationary, stasis, torment immunity, boosted hp, sickness immunity, AC +6,
negative energy resistance 1, (electricity resistance), torment resistance 1,
petrification resistance
a: no special abilities


You were on level 7 of the Dungeon.
You were a tree.
You visited 1 branch of the dungeon, and saw 7 of its levels.

You collected 221 gold pieces.

Inventory:

Hand Weapons
 b - a +0 dagger of venom
 c - a +1 whip of electrocution
 e - a +0 rapier
 h - a +0 hunting sling
 w - a +0 shortbow of flaming
 z - a +3 short sword (weapon)
Missiles
 d - 12 sling bullets
 k - 3 boomerangs
 o - 20 stones
 p - 5 atropa-tipped darts
 x - 35 arrows
Armour
 m - a +2 leather armour of cold resistance (melded)
Wands
 y - a wand of polymorph (6)
 A - a wand of digging (4)
Scrolls
 f - a scroll of amnesia
 r - a scroll of teleportation
 s - a scroll of identify
 t - a scroll of enchant armour
 v - a scroll of fear
 C - a scroll of magic mapping
Potions
 a - 2 potions of mutation
 g - a potion of degeneration {unknown}
 j - a potion of invisibility {unknown}
 l - a potion of lignification
 n - a potion of haste {unknown}
 q - a potion of attraction {unknown}
 E - a potion of flight {unknown}


   Skills:
 * Level 6.2 Fighting
 + Level 4.2 Armour
 + Level 3.8 Dodging
 - Level 5.0 Stealth
 * Level 5.6 Spellcasting
 * Level 6.2 Conjurations
 - Level 0.7 Transmutations
 * Level 7.6 Earth Magic


You had 15 spell levels left.
You knew the following spells:

 Your Spells              Type           Power      Damage    Failure   Level
a - Sandblast             Erth           68%        2d15      1%          1
b - Stone Arrow           Conj/Erth      62%        3d10      1%          3

Your spell library contained the following spells:

 Spells                   Type           Power      Damage    Failure   Level
 Passwall                 Tmut/Erth      17%        N/A       3%          2
 Freeze                   Ice            20%        1d4       12%         1
 Petrify                  Tmut/Erth      21%        N/A       21%         4
 Hailstorm                Conj/Ice       17%        3d6       32%         4
 Frozen Ramparts          Ice            10%        1d3       34%         3
 Ozocubu's Armour         Ice            5%         N/A       34%         3
 Ozocubu's Refrigeration  Ice            2%         4d5       100%        7


Dungeon Overview and Level Annotations

Branches:
Dungeon (7/15)
 Temple: D:4-7

Altars:
Cheibriados
Gozag
Qazlal

Shops:
D:1 ?   D:2 (

Annotations:
D:2 1 runed translucent door, Crazy Yiuf


Innate Abilities, Weirdness & Mutations

You are a tree.
Your roots penetrate the ground, keeping you stationary.
You cannot be teleported.
You are immune to unholy pain and torment.
Your maximum health is greatly increased.
Your equipment is partially melded.
You are immune to sickness and miasma.
((Your stone body is resilient. (AC +6)))
You are immune to poison.
You resist negative energy. (rN+)
((You are resistant to electric shocks. (rElec)))
You are resistant to unholy torment.
You are immune to petrification.


Message History

The wyvern bites you.
* * * LOW HITPOINT WARNING * * *
You closely miss the wyvern.
The wyvern is moderately wounded.
The wyvern bites you.
* * * LOW HITPOINT WARNING * * *
Unknown command.
You feel better. The wyvern bites you.
* * * LOW HITPOINT WARNING * * *
The wyvern bites you but does no damage.
Aiming: Paralyse
Press: ? - help, Shift-Dir - straight line, f - ogre, p - wyvern
Aim: an ogre, wielding a +0 giant spiked club (chance to affect: 49%)
The wyvern resists with some effort.
The wyvern bites you but does no damage.
Aiming: Paralyse
Press: ? - help, Shift-Dir - straight line, f/p - ogre
Aim: an ogre, wielding a +0 giant spiked club (chance to affect: 49%)
The ogre suddenly stops moving!
The now-empty wand crumbles to dust.
The wyvern bites you but does no damage.
The wyvern bites you.
* * * LOW HITPOINT WARNING * * *
Aiming: Polymorph
Press: ? - help, Shift-Dir - straight line, f - wyvern, p - ogre
Aim: a wyvern (moderately wounded, will become a sky beast, an acid dragon, or a fire bat, chance to affect: 49%)
Okay, then.
Okay, then.
You hit the wyvern.
The wyvern is heavily wounded.
The wyvern bites you but does no damage.
You barely miss the wyvern. You punch the wyvern, but do no damage.
The wyvern is heavily wounded.
The wyvern bites you!
* * * LOW HITPOINT WARNING * * *
The wyvern bites you but does no damage.
You hit the wyvern.
The wyvern is heavily wounded.
The wyvern bites you but does no damage.
The wyvern bites you.
You die...

#######+###
#......♣..#
#.....lO..#
#.........#
#.........#
#...).....#
#..........
#......$....
###.#.....###


You could see a wyvern and an ogre (paralysed).

Vanquished Creatures
  A hydra (D:7)
  Pikel (D:4)
  Eustachio (D:3)
  A yak (D:5)
  2 orc warriors (D:6)
  2 sky beasts
  A centaur (D:5)
  An ogre (D:6)
  2 bullfrogs (D:6)
  2 scorpions
  2 howler monkeys
  2 bullfrog zombies (D:5)
  2 bullfrog skeletons
  7 orc priests
  A gnoll shaman (D:5)
  2 hounds (D:5)
  A jelly (D:5)
  Ijyb (D:4)
  A centaur skeleton (D:6)
  5 iguanas
  5 orc wizards
  A scorpion zombie (D:5)
  A howler monkey skeleton (D:5)
  A gnoll (D:1)
  6 adders
  2 adder skeletons
  A dart slug (D:5)
  25 orcs
  5 endoplasms
  3 giant cockroaches
  6 goblins
  11 hobgoblins
  7 kobolds
  2 quokkas
  7 ball pythons
  4 bats
  2 frilled lizards (D:1)
  5 rats
132 creatures vanquished.

Vanquished Creatures (others)
  18 plants (D:5)
18 creatures vanquished.

Grand Total: 150 creatures vanquished

Notes
Turn   | Place    | Note
-------+----------+-------------------------------------------
     0 | D:1      | Kaptain the Gargoyle Earth Elementalist began the quest for
                  | the Orb.
     0 | D:1      | Reached XP level 1. HP: 10/10 MP: 3/3
   197 | D:1      | Found Hato's Magic Scroll Shoppe.
   233 | D:1      | Reached XP level 2. HP: 16/16 MP: 5/5
   408 | D:1      | Reached skill level 1 in Fighting
   408 | D:1      | Reached skill level 1 in Conjurations
   695 | D:1      | Reached XP level 3. HP: 20/20 MP: 4/6
   699 | D:1      | Learned a level 3 spell: Stone Arrow
  1027 | D:1      | Found an opulent altar of Gozag.
  1202 | D:2      | Found a faded altar of an unknown god.
  1202 | D:2      | Noticed a shining eye
  1207 | D:2      | Noticed a great orb of eyes
  1215 | D:2      | Noticed a great orb of eyes
  1215 | D:2      | Noticed a golden eye
  1388 | D:2      | Found Mintebb's Antique Weapon Shop.
  1411 | D:2      | Found a runed translucent door.
  1412 | D:2      | Noticed Crazy Yiuf
  1484 | D:2      | Reached skill level 4 in Earth Magic
  1832 | D:2      | Reached XP level 4. HP: 25/25 MP: 5/7
  2764 | D:3      | Found a snail-covered altar of Cheibriados.
  2767 | D:3      | Found a stormy altar of Qazlal.
  3007 | D:4      | Noticed Eustachio
  3008 | D:4      | Noticed a scorpion
  3062 | D:3      | Killed Eustachio
  3063 | D:3      | Reached skill level 1 in Armour
  3063 | D:3      | Reached XP level 5. HP: 29/31 MP: 3/9
  3063 | D:3      | Reached XP level 6. HP: 34/36 MP: 3/10
  3828 | D:4      | Noticed Ijyb
  3833 | D:4      | Paralysed by Ijyb for 4 turns
  3841 | D:4      | Killed Ijyb
  3842 | D:4      | Reached XP level 7. HP: 28/41 MP: 2/11
  3987 | D:4      | Reached skill level 5 in Earth Magic
  4667 | D:5      | Entered Level 5 of the Dungeon
  5414 | D:5      | Noticed a yak
  5414 | D:5      | Noticed Pikel
  5449 | D:5      | Reached XP level 8. HP: 43/48 MP: 9/13
  5575 | D:4      | Killed Pikel
  5576 | D:4      | Reached skill level 6 in Earth Magic
  6121 | D:5      | Killed a yak
  6122 | D:5      | Reached skill level 5 in Fighting
  6122 | D:5      | Reached skill level 5 in Conjurations
  6122 | D:5      | Reached XP level 9. HP: 22/54 MP: 0/15
  7101 | D:6      | Reached skill level 7 in Earth Magic
  7205 | D:6      | Reached skill level 5 in Spellcasting
  7763 | D:7      | Noticed a six-headed hydra
  7769 | D:7      | Killed a six-headed hydra
  7770 | D:7      | Reached skill level 5 in Stealth
  7780 | D:7      | HP: 2/82 [wyvern (11)]
  7781 | D:7      | Slain by a wyvern

Illustrated notes

Levels and vault maps discovered:
D:1:      dpeg_arrival_lava_altar, layout_loops_corners, serial_shops,
          nicolae_square_shop
D:2:      layout_basic, serial_shops, shop,
          hellmonk_ecumenical_altar_watching_god, minmay_unequal,
          uniq_crazy_yiuf_cottage
D:3:      layout_basic, mainiacjoe_overflow_divided_tiny,
          amcnicky_mini_corridor_feature
D:4:      layout_cave_pods, uniq_ijyb, uniq_eustachio
D:5:      cheibrodos_barr_body, layout_cave_pools, serial_bayou_pond_b,
          kennysheep_boxes, uniq_pikel
D:6:      layout_basic
D:7:      layout_rooms, minmay_temple_entry_junction_2,
          kennysheep_generic_room_16

Skill      XL: |  1  2  3  4  5  6  7  8  9 |
---------------+----------------------------+-----
Fighting       | 1 2 3 5 6 |  6.2
Conjurations   | 1 2 3 5 6 |  6.2
Earth Magic    | 4 5 6 7 |  7.6
Dodging        | 2 3 |  3.8
Armour         | 1 2 3 4 |  4.2
Spellcasting   | 3 4 5 |  5.6
Stealth        | 3 4 5 |  5.0
Transmutations | |  0.7

Action                   |  1- 3 |  4- 6 |  7- 9 || total
-------------------------+-------+-------+-------++-------
Melee: Short sword       |    48 |       |    13 ||    61
       Punch             |     1 |       |     2 ||     3
       Rapier            |       |     3 |    25 ||    28
 Fire: Hunting sling     |     4 |    77 |    18 ||    99
       Shortbow          |       |       |    18 ||    18
 Cast: Sandblast         |    35 |    60 |    67 ||   162
       Stone Arrow       |       |       |    67 ||    67
Evoke: Wand              |       |     3 |    10 ||    13
  Use: Scroll            |     5 |     1 |     7 ||    13
       Potion            |       |       |     5 ||     5
 Stab: Sleeping          |     1 |       |       ||     1
Armor: Robe              |    16 |     1 |       ||    17
       Leather armour    |       |    14 |    66 ||    80
       Skin              |       |       |     8 ||     8
Dodge: Dodged            |    33 |    23 |    49 ||   105
